 Dungeon Crawl Stone Soup version 0.30-a0-777-ga9a30cbeda (webtiles) character file.

Game seed: 271418697174499974

112 qeuew the Shield-Bearer (level 5, -6/42 HPs)
             Began as a Formicid Fighter on Feb 14, 2023.
             Killed from afar by Robin (16 damage)
             ... with a bolt of dispelling energy
             ... on level 3 of the Dungeon.
             The game lasted 00:02:32 (1950 turns).

qeuew the Shield-Bearer (Formicid Fighter)          Turns: 1950, Time: 00:02:32

Health: -6/42      AC:  7    Str: 22    XL:     5   Next: 16%
Magic:  5/5        EV: 10    Int:  8    God:
Gold:   111        SH:  5    Dex: 13    Spells: 4/4 levels left

rFire   + . .      SeeInvis +    a - +0 trident
rCold   . . .      Faith    .    c - +0 buckler
rNeg    . . .      Spirit   .    b - +0 scale mail
rPois   .          Reflect  .    (helmet unavailable)
rElec   .          Harm     .    (no cloak)
rCorr   .          Rampage  .    (no gloves)
Will    .....                    (no boots) Stlth
                                 (no amulet)
HPRegen 0.27/turn                h - ring of protection from fire
MPRegen 0.09/turn                (no ring)

@: no status effects
A: permanent stasis, dig shafts and tunnels, antennae 3, four strong arms
a: Dig, Shaft Self


You were on level 3 of the Dungeon.
You visited 1 branch of the dungeon, and saw 3 of its levels.

You collected 111 gold pieces.

Inventory:

Hand Weapons
 a - a +0 trident (weapon)
Armour
 b - a +0 scale mail (worn)
 c - a +0 buckler (worn)
Jewellery
 h - a ring of protection from fire (left hand)
 m - a +5 ring of evasion
Scrolls
 i - a scroll of enchant weapon
Potions
 e - a potion of brilliance
 f - a potion of curing
 g - a potion of flight {unknown}


   Skills:
 + Level 3.9 Fighting
 + Level 2.6 Polearms
 * Level 4.3 Armour
 + Level 1.2 Dodging
 + Level 4.7 Shields


You had 4 spell levels left.
You didn't know any spells.
Your spell library contained the following spells:

 Spells                   Type           Power      Damage    Failure   Level
 Sandblast                Erth           0%         2d4       80%         1
 Passwall                 Tmut/Erth      0%         N/A       90%         2
 Stone Arrow              Conj/Erth      0%         3d7       99%         3


Dungeon Overview and Level Annotations

Branches:
Dungeon (3/15)

Altars:
Sif Muna

Annotations:
D:3 Robin


Innate Abilities, Weirdness & Mutations

You cannot be hasted, slowed, berserked, paralysed or teleported.
You can dig through walls and to a lower floor.
You have a pair of large antennae on your head. (SInv)
Your four strong arms can wield two-handed weapons with a shield.


Message History

The goblin is heavily wounded.
A hobgoblin comes into view.
The goblin hits you with a +0 dagger.
The goblin unwields a +0 sling.
The goblin wields a +0 dagger.
You block the goblin's attack.
Robin zaps a wand.
The bolt of dispelling energy hits you!
* * * LOW HITPOINT WARNING * * *
The bolt of dispelling energy misses the goblin.
You are too injured to fight recklessly!
You are too injured to fight recklessly!
You are too injured to fight recklessly!
You are too injured to fight recklessly!
You are too injured to fight recklessly!
You are too injured to fight recklessly!
You are too injured to fight recklessly!
You are too injured to fight recklessly!
You are too injured to fight recklessly!
You are too injured to fight recklessly!
You are too injured to fight recklessly!
You are too injured to fight recklessly!
You are too injured to fight recklessly!
You are too injured to fight recklessly!
You are too injured to fight recklessly!
You are too injured to fight recklessly!
You are too injured to fight recklessly!
You are too injured to fight recklessly!
Unknown command.
You feel very mighty all of a sudden.
A goblin comes into view. It is wielding a +0 club.
The goblin hits you with a +0 dagger.
* * * LOW HITPOINT WARNING * * *
Robin zaps a wand.
The bolt of dispelling energy hits you.
Your magical effects are unravelling.
* * * LOW HITPOINT WARNING * * *
The bolt of dispelling energy hits the goblin!
The goblin dies!
You feel better.
You feel a little less mighty now. The goblin misses you.
Robin zaps a wand.
The bolt of dispelling energy hits you!
You die...

#.....##.#####.###.#
.. ##...###. #....#
... #P#### #. #..#.#
.... ## #. #..#.#
..... #. #..#.#
...... #. ##.#.#
...... #.#######.#
....#+#
..#+##.).......#
....#.#
......)@########
....#.# ......gg#
....#.# .......gg
....#.###..#+####.#
...##.#....# .> { {
........# ###
......#.#####
#####.......+
#...#.#.#.###..


You could see Robin (fast), a hobgoblin (strong) and 2 goblins.

Vanquished Creatures
  4 adders
  A worm (D:1)
  7 bats
  4 endoplasms
  5 giant cockroaches
  4 goblins
  7 hobgoblins
  9 jackals (D:1)
  4 kobolds
  4 quokkas
  6 ball pythons
  8 rats
63 creatures vanquished.

Vanquished Creatures (others)
  A goblin (D:3)
1 creature vanquished.

Grand Total: 64 creatures vanquished

Notes
Turn   | Place    | Note
-------+----------+-------------------------------------------
     0 | D:1      | qeuew the Formicid Fighter began the quest for the Orb.
     0 | D:1      | Reached XP level 1. HP: 18/18 MP: 1/1
     1 | D:1      | Found a runed translucent door.
    75 | D:1      | Reached XP level 2. HP: 24/24 MP: 2/2
   368 | D:1      | Reached XP level 3. HP: 26/29 MP: 3/3
   695 | D:2      | Reached XP level 4. HP: 37/37 MP: 4/4
   948 | D:2      | Reached skill level 1 in Dodging
  1549 | D:3      | Found a shimmering blue altar of Sif Muna.
  1859 | D:3      | Reached XP level 5. HP: 42/42 MP: 5/5
  1943 | D:3      | Noticed Robin
  1949 | D:3      | HP: 2/42 [Robin/bolt of dispelling energy (5)]
  1950 | D:3      | Killed from afar by Robin

Illustrated notes

Levels and vault maps discovered:
D:1:      dpeg_arrival_caged_fury, layout_rooms, minmay_tree_intersection
D:2:      layout_basic, minmay_distorted
D:3:      layout_basic, mainiacjoe_overflow_paths, mainiacjoe_overflow_chevrons,
          minmay_misc_feat_room, hex_medium, minmay_shallow_snake_nest,
          uniq_robin

Skill      XL: |  1  2  3  4 |
---------------+-------------+-----
Dodging        | 1 |  1.2
Armour         | 4 |  4.3
Fighting       | |  3.9
Polearms       | |  2.6
Shields        | |  4.7

Action                     |  1- 3 |  4- 6 || total
---------------------------+-------+-------++-------
  Melee: Trident           |   112 |    88 ||   200
    Use: Scroll            |     6 |     3 ||     9
         Potion            |     2 |     4 ||     6
 Armour: Scale mail        |    49 |    38 ||    87
  Dodge: Dodged            |    45 |    44 ||    89
  Block: Buckler           |    20 |    32 ||    52

Table legend: (Time is in decaauts)
 A = Elapsed time spent in this place.
 B = Non-inter-level travel time spent in this place.
 C = Inter-level travel time spent in this place.
 D = Time resting spent in this place.
 E = Time spent auto-exploring this place.
 F = Levels seen in this place.
 G = Mean time per level.
                   A        B        C        D        E       F      G
               +--------+--------+--------+--------+--------+-----+--------+
         Total |   1991 |   1959 |     32 |      0 |   1546 |   3 |  663.7 |
       Dungeon |   1991 |   1959 |     32 |      0 |   1546 |   3 |  663.7 |
               +--------+--------+--------+--------+--------+-----+--------+

Top non-repeatable levels by time:
     D:2: 911 daAuts
     D:1: 670 daAuts
     D:3: 409 daAuts
